 Dungeon Crawl Stone Soup version 0.30-a0-743-gbfdf073431 (webtiles) character file.

Game seed: 6790249342072594841

750 miscthings the Cudgeller (level 7, -1/58 HPs)
             Began as an Armataur Reaver on Feb 6, 2023.
             Was a Follower of Okawaru.
             Succumbed to a water moccasin's poison
             ... on level 5 of the Dungeon.
             The game lasted 00:11:46 (3136 turns).

miscthings the Cudgeller (Armataur Reaver)          Turns: 3136, Time: 00:11:47

Health: -1/58      AC: 14    Str: 17    XL:     7   Next: 48%
Magic:  7/9        EV:  7    Int: 14    God:    Okawaru [*.....]
Gold:   418        SH:  3    Dex: 16    Spells: 5/9 levels left

rFire   . . .      SeeInvis .    a - +0 mace
rCold   . . .      Faith    .    u - +0 buckler
rNeg    . . .      Spirit   .    w - +2 scale mail {Will+}
rPois   .          Reflect  .    r - +0 helmet
rElec   .          Harm     .    s - +0 cloak
rCorr   .          Roll     +    (no gloves)
Will    +....                    (no barding) Stlth
                                 (no amulet)
HPRegen 0.29/turn                q - +4 ring of protection
MPRegen 0.11/turn                e - +6 ring of dexterity

@: lethally poisoned (-1 -> -9), very slightly contaminated
A: large, rugged brown scales 3, deformed body, armoured tail, roll, long
tongue, awkward tongue
a: Renounce Religion, Heroism


You were on level 5 of the Dungeon.
You worshipped Okawaru.
Okawaru was aware of your devotion.
You visited 2 branches of the dungeon, and saw 6 of its levels.

You collected 418 gold pieces.

Inventory:

Hand Weapons
 a - a +0 mace (weapon)
 v - a +0 flail
Missiles
 d - 5 atropa-tipped darts
Armour
 r - a +0 helmet (worn)
 s - a +0 cloak (worn)
 u - a +0 buckler (worn)
 w - a +2 scale mail of willpower (worn)
Jewellery
 e - a +6 ring of dexterity (right hand)
 q - a +4 ring of protection (left hand)
Wands
 z - a wand of iceblast (6)
Scrolls
 b - a scroll of poison {unknown}
 f - a scroll of identify {@r1}
 h - a scroll of immolation
 i - a scroll of enchant armour
 j - 2 scrolls of fog {unknown}
 k - a scroll of magic mapping {unknown}
 o - 2 scrolls of enchant weapon
 y - 2 scrolls of teleportation
Potions
 c - a potion of resistance
 g - a potion of mutation
 n - 3 potions of magic
 t - 2 potions of might


   Skills:
 - Level 2.0 Fighting
 + Level 7.9 Maces & Flails
 - Level 1.5 Dodging
 - Level 1.9 Spellcasting
 - Level 2.8 Conjurations


You had 5 spell levels left.
You knew the following spells:

 Your Spells              Type           Power      Damage    Failure   Level
a - Kiss of Death         Conj/Necr      20%        2d7       52%         1
b - Momentum Strike       Conj/Tloc      10%        3d8       67%         2
c - Apportation           Tloc           2%         N/A       75%         1

Your spell library contained the following spells:

 Spells                   Type           Power      Damage    Failure   Level
 Sandblast                Erth           2%         2d4       75%         1
 Slow                     Hex            4%         N/A       75%         1
 Passwall                 Tmut/Erth      0%         N/A       86%         2
 Hailstorm                Conj/Ice       5%         3d4       88%         3
 Stone Arrow              Conj/Erth      10%        3d7       88%         3
 Confusing Touch          Hex            1%         N/A       98%         3
 Vampiric Draining        Necr           1%         2d6       98%         3
 Alistair's Intoxication  Tmut/Pois      0%         N/A       100%        5
 Lehudib's Crystal Spear  Conj/Erth      2%         10d2      100%        8
 Animate Armour           Summ/Erth      Unusable   N/A       N/A         4

Dungeon Overview and Level Annotations

Branches:
Dungeon (5/15)             Temple (1/1) D:4

Altars:
Cheibriados
Gozag
Hepliaklqana
Kikubaaqudgha
Nemelex Xobeh
Okawaru
Qazlal
Sif Muna
Xom
Zin

Shops:
D:3 (

Annotations:
D:4 2 transporters, elongatedgoose's ghost, amateur MfGl


Innate Abilities, Weirdness & Mutations

You are completely covered in rugged brown scales. (AC +3, +7% HP)
Armour fits poorly on your strangely shaped body.
You have a long armoured tail.
You roll when moving toward enemies. (Rampage)
Your long tongue fully drains potion bottles. (2x potion effects)
Your tongue gives you trouble enunciating. (1.5x scroll delay)


Message History

The water moccasin bites you but does no damage.
You miss the water moccasin.
Your tail-slap misses the water moccasin.
The water moccasin is lightly wounded.
You feel very sick. You block the water moccasin's attack.
The water moccasin bites you but does no damage.
You sock the water moccasin!
The water moccasin is heavily wounded.
* * * LOW HITPOINT WARNING * * *
You feel very sick.
The water moccasin bites you but does no damage.
You barely miss the water moccasin.
The water moccasin is heavily wounded.
* * * LOW HITPOINT WARNING * * *
You feel very sick. The water moccasin bites you.
* * * LOW HITPOINT WARNING * * *
The water moccasin bites you!
* * * LOW HITPOINT WARNING * * *
Okay, then.
Okay, then.
Okay, then.
Okay, then.
Okay, then.
You hit the water moccasin but do no damage.
Your tail-slap misses the water moccasin.
The water moccasin is heavily wounded.
* * * LOW HITPOINT WARNING * * *
You feel very sick.
The water moccasin completely misses you.
Casting: Momentum Strike (dangerous; 67% risk of failure)
Confirm with . or Enter, or press ? or * to list all spells.
Aiming: Momentum Strike (dangerous; 67% risk of failure)
Press: ? - help, Dir - move target, f - water moccasin
Aim: a water moccasin (heavily wounded, 48% to hit)
You miscast Momentum Strike.
You are very lightly contaminated with residual magic.
Nothing appears to happen.
You die...

###
#..
#.#
#.#
#S#
#@#
#.#
#.#
#.#
#.#
#.#
#.#
#.#


You could see a water moccasin.

Vanquished Creatures
  A gnoll sergeant (D:5)
  A necrophage (D:4)
  A scorpion (D:5)
  A killer bee (D:5)
  A howler monkey (D:5)
  A hound (D:5)
  A jelly (D:5)
  An orc priest (D:4)
  Ijyb (D:5)
  4 iguanas
  2 orc wizards
  5 gnolls (D:5)
  6 adders
  3 worms (D:2)
  4 dart slugs
  13 orcs
  6 ball pythons
  8 bats
  6 endoplasms
  3 giant cockroaches
  8 goblins
  6 hobgoblins
  7 quokkas
  A frilled lizard (D:1)
  15 kobolds
  2 rats
108 creatures vanquished.

Notes
Turn   | Place    | Note
-------+----------+-------------------------------------------
     0 | D:1      | miscthings the Armataur Reaver began the quest for the Orb.
     0 | D:1      | Reached XP level 1. HP: 18/18 MP: 3/3
   104 | D:1      | Reached XP level 2. HP: 19/21 MP: 4/4
   182 | D:1      | Found a faded altar of an unknown god.
   215 | D:1      | Reached skill level 3 in Maces & Flails
   355 | D:1      | Reached XP level 3. HP: 26/26 MP: 5/5
   837 | D:2      | Learned a level 2 spell: Momentum Strike
   849 | D:2      | Learned a level 1 spell: Apportation
  1361 | D:2      | Reached skill level 4 in Maces & Flails
  1361 | D:2      | Reached XP level 4. HP: 36/37 MP: 3/6
  1639 | D:3      | Found a hazy altar of Hepliaklqana.
  1755 | D:3      | Found Iluil's Weapon Emporium.
  1843 | D:3      | Found a sparkling altar of Nemelex Xobeh.
  2014 | D:3      | Reached XP level 5. HP: 23/35 MP: 7/7
  2065 | D:4      | Reached skill level 5 in Maces & Flails
  2209 | D:4      | Noticed elongatedgoose's ghost (amateur MfGl)
  2214 | D:4      | Found a transporter.
  2217 | D:4      | Found a staircase to the Ecumenical Temple.
  2232 | D:4      | Found an opulent altar of Gozag.
  2234 | Temple   | Entered the Ecumenical Temple
  2253 | Temple   | Became a worshipper of Warmaster Okawaru
  2295 | D:4      | Reached XP level 6. HP: 37/51 MP: 3/8
  2348 | D:4      | Found a transporter.
  2537 | D:5      | Entered Level 5 of the Dungeon
  2569 | D:5      | Noticed Ijyb
  2578 | D:5      | Killed Ijyb
  2579 | D:5      | Reached skill level 6 in Maces & Flails
  2715 | D:5      | Reached skill level 7 in Maces & Flails
  2715 | D:5      | Reached XP level 7. HP: 14/58 MP: 4/9
  2727 | D:5      | Reached * piety under Okawaru
  2893 | D:5      | Found a glowing silver altar of Zin.
  3135 | D:5      | HP: 1/58 [poisoned by a water moccasin]
  3136 | D:5      | Succumbed to a water moccasin's poison

Illustrated notes

Levels and vault maps discovered:
D:1:      minmay_arrival_hallway, layout_loops_ring,
          hellmonk_ecumenical_altar_blasted, feat_on_display
D:2:      layout_basic
D:3:      layout_rooms, nemelex_diamond_rough_becter,
          mainiacjoe_overflow_cross_hatched, serial_shops, nicolae_diamond_shop,
          st_stairs_11
D:4:      layout_gridville, overflow_temple_1_default,
          minmay_temple_entry_offerings, gammafunk_ghost_mausoleum
D:5:      layout_basic, gammafunk_temple_overflow_wave,
          chequers_serial_rivers_small_b, minmay_tree_intersection,
          minmay_ruined_shrine, uniq_duvessa, uniq_ijyb, uniq_sigmund
Temple:   nicolae_temple_bog_church

Skill      XL: |  1  2  3  4  5  6 |
---------------+-------------------+-----
Fighting       | 2 |  2.0
Maces & Flails | 3 4 5 7 |  7.9
Dodging        | |  1.5
Spellcasting   | |  1.9
Conjurations   | |  2.8

Action                     |  1- 3 |  4- 6 |  7- 9 || total
---------------------------+-------+-------+-------++-------
  Melee: Mace              |   110 |   162 |    73 ||   345
         Tailslap          |    14 |    18 |     8 ||    40
   Cast: Kiss of Death     |     3 |     3 |       ||     6
         Momentum Strike   |     3 |    11 |       ||    14
  Evoke: Wand              |       |     5 |     1 ||     6
    Use: Potion            |       |     3 |     1 ||     4
         Scroll            |       |    10 |     1 ||    11
   Stab: Sleeping          |       |     1 |       ||     1
 Armour: Leather armour    |    51 |    87 |     3 ||   141
         Chain mail        |     7 |       |       ||     7
         Scale mail        |       |       |    47 ||    47
  Dodge: Dodged            |    51 |    84 |    20 ||   155
  Block: Buckler           |       |    20 |     9 ||    29

Table legend: (Time is in decaauts)
 A = Elapsed time spent in this place.
 B = Non-inter-level travel time spent in this place.
 C = Inter-level travel time spent in this place.
 D = Time resting spent in this place.
 E = Time spent auto-exploring this place.
 F = Levels seen in this place.
 G = Mean time per level.
                   A        B        C        D        E       F      G
               +--------+--------+--------+--------+--------+-----+--------+
         Total |   3200 |   3065 |    135 |    242 |   1698 |   6 |  533.3 |
       Dungeon |   3168 |   3045 |    123 |    242 |   1698 |   5 |  633.6 |
        Temple |     32 |     20 |     12 |      0 |      0 |   1 |   32.0 |
               +--------+--------+--------+--------+--------+-----+--------+

Top non-repeatable levels by time:
     D:1: 788 daAuts
     D:3: 685 daAuts
     D:2: 657 daAuts
     D:5: 607 daAuts
     D:4: 431 daAuts
  Temple: 32 daAuts
